[Event "WCCC U10 2019"]
[Site "Weifang"]
[Date "2019.08.24"]
[Round "4.6"]
[White "Bharadia, Yash"]
[Black "Pham, Tran Gia Phuc"]
[Result "1/2-1/2"]
[ECO "B82"]
[WhiteElo "1963"]
[BlackElo "1645"]
[Annotator "NA"]
[PlyCount "106"]
[EventDate "2019.08.21"]
[EventType "swiss"]
[EventCountry "CHN"]
[SourceTitle "playchess.com"]
[Source "ChessBase"]
[SourceQuality "1"]
[TimeControl "40/5400+30:1800+30"]

1. e4 c5 2. Nf3 e6 3. d4 cxd4 4. Nxd4 a6 5. Nc3 Qc7 6. Bd3 Nf6 7. f4 d6 8. Be3 Be7 {[%emt 0:00:49] B82: Sicilian Scheveningen: 6 f4} (8... b5 9. Qf3 Bb7 10. g4 Nc6 11. g5 Nd7 12. a3 b4 13. axb4 Nxb4 14. O-O g6 15. Qh3 Bg7 16. f5 gxf5 17. exf5 Bxd4 18. Bxd4 e5 {0-1 (51) Bartel,M (2649)-Smirin,I (2676) Warsaw 2016}) 9. Qf3 Nbd7 10. g4 Nc5 11. g5 Nfd7 12. Rc1 Qb6 $146 ({Predecessor:} 12... b5 13. b4 Nb7 14. Nb1 Nb6 15. O-O O-O 16. a4 Nxa4 {1-0 (32) Haring,V (2105)-Jurasek,V (1859) Prague 2016}) 13. Nb3 h6 14. g6 fxg6 15. Rg1 O-O 16. Ke2 Qd8 $2 ({Better is} 16... Nxd3 $11 17. Bxb6 Nxf4+ 18. Kd1 Nxb6) 17. Qg3 Nxd3 18. cxd3 Qe8 19. Qxg6 Qxg6 20. Rxg6 Kf7 $16 (20... Rf7 $14) 21. Rg2 Rg8 22. d4 b5 23. Na5 Bd8 24. Nc6 Bb7 25. d5 Nf6 26. dxe6+ Kxe6 27. Nd4+ Kf7 28. Nf5 Be7 29. Nxe7 Kxe7 30. Rgg1 Ke6 31. f5+ Kd7 32. Bd4 Rae8 33. Bxf6 gxf6 34. Rxg8 Rxg8 35. Kf3 Rg5 36. Kf2 b4 37. Na4 Bxe4 38. Nb6+ Kd8 39. Rc8+ Ke7 40. Rc7+ Ke8 41. Nc4 Kd8 42. Ra7 Rxf5+ 43. Ke3 d5 44. Nd6 Rf3+ 45. Kd4 Rd3+ 46. Kc5 Rd2 47. Nf7+ Ke8 48. Nxh6 Rxh2 49. Ng4 Rc2+ 50. Kd6 f5 51. Nf6+ Kd8 52. Ra8+ Rc8 53. Ra7 Rc2 1/2-1/2

[Event "WCCC U10 2019"]
[Site "Weifang"]
[Date "2019.08.24"]
[Round "4.7"]
[White "Juhanak, Daniel"]
[Black "Wongso, Steve"]
[Result "0-1"]
[ECO "E69"]
[WhiteElo "1526"]
[BlackElo "1765"]
[Annotator "NA"]
[PlyCount "54"]
[EventDate "2019.08.21"]
[EventType "swiss"]
[EventCountry "CHN"]
[SourceTitle "playchess.com"]
[Source "ChessBase"]
[SourceQuality "1"]
[TimeControl "40/5400+30:1800+30"]

1. d4 Nf6 2. c4 g6 3. g3 Bg7 4. Bg2 O-O 5. Nf3 d6 6. O-O Nbd7 7. Nc3 e5 8. e4 c6 9. h3 Qb6 10. Rb1 Qb4 11. Qd3 exd4 12. Qxd4 Nb6 13. Bf4 Ne8 14. Qd3 Nxc4 15. a3 Nxb2 16. axb4 Nxd3 17. Bd2 Nc7 18. Ne1 Ne5 19. Bf4 Be6 20. Nc2 Nc4 21. Ne2 Nb5 22. Rfd1 a5 23. bxa5 Rxa5 24. Ncd4 Bxd4 25. Nxd4 Nc3 26. Rdc1 Nxb1 27. Rxb1 Rfa8 0-1

[Event "WCCC U10 2019"]
[Site "Weifang"]
[Date "2019.08.24"]
[Round "4.8"]
[White "Zhang, Lichen"]
[Black "Mayank Chakraborty"]
[Result "0-1"]
[ECO "A18"]
[WhiteElo "1482"]
[BlackElo "1731"]
[Annotator "NA"]
[PlyCount "172"]
[EventDate "2019.08.21"]
[EventType "swiss"]
[EventCountry "CHN"]
[SourceTitle "playchess.com"]
[Source "ChessBase"]
[SourceQuality "1"]
[TimeControl "40/5400+30:1800+30"]

1. c4 Nf6 2. Nc3 e6 3. e4 d5 4. e5 d4 5. exf6 dxc3 6. bxc3 Qxf6 7. Nf3 c5 8. d4 h6 9. Be2 cxd4 10. cxd4 Bb4+ 11. Bd2 Bxd2+ 12. Qxd2 O-O 13. O-O Rd8 14. Qe3 Nc6 15. Rfd1 b6 16. Ne5 Bb7 17. Bf3 Nxe5 18. dxe5 Qe7 19. Bxb7 Qxb7 20. c5 bxc5 21. Qxc5 Qb2 22. Rdb1 Qd2 23. g3 Rd5 24. Qc7 Qd4 25. Qb7 Rad8 26. Re1 Qc5 27. Rac1 Qa5 28. Re2 Qa3 29. Rce1 g6 30. Qb3 Qc5 31. Qe3 Qxe3 32. Rxe3 Ra5 33. R3e2 Rdd5 34. f4 g5 35. Kg2 Kg7 36. fxg5 hxg5 37. g4 Ra4 38. h3 Rd3 39. Rf1 Raa3 40. Rf6 Rg3+ 41. Kf1 Rac3 42. Rb2 Rxh3 43. Rb7 Rhf3+ 44. Kg2 Rxf6 45. exf6+ Kxf6 46. Rxa7 Rc4 47. Kg3 Kg6 48. Ra6 Rc3+ 49. Kf2 Kf6 50. Ra7 Rc4 51. Kg3 Re4 52. a4 Kg6 53. Ra8 f5 54. Rg8+ Kh6 55. gxf5 exf5 56. a5 Re3+ 57. Kf2 Ra3 58. Rh8+ Kg6 59. Rg8+ Kh5 60. Ra8 f4 61. a6 Kg4 62. a7 Ra2+ 63. Kf1 Kf3 64. Ke1 Ra1+ 65. Kd2 g4 66. Kd3 g3 67. Kd2 g2 68. Rg8 Ra2+ 69. Ke1 Rxa7 70. Kd2 Ra2+ 71. Kd3 Ra1 72. Rxg2 Ra3+ 73. Kd4 Kxg2 74. Ke4 Ra4+ 75. Kd3 f3 76. Ke3 Ra3+ 77. Kd4 f2 78. Ke5 Ra4 79. Kd5 f1=Q 80. Ke5 Qb5+ 81. Kd6 Ra6+ 82. Kc7 Qb6+ 83. Kc8 Ra8+ 84. Kd7 Ra7+ 85. Kc8 Qb7+ 86. Kd8 Qb8# 0-1

[Event "WCCC U10 2019"]
[Site "Weifang"]
[Date "2019.08.24"]
[Round "4.9"]
[White "Sodbileg, Uranjargal"]
[Black "Hvozdz, Aliaksandr"]
[Result "0-1"]
[WhiteElo "1419"]
[BlackElo "1699"]
[Annotator "NA"]
[PlyCount "20"]
[EventDate "2019.08.21"]
[EventType "swiss"]
[EventCountry "CHN"]
[SourceTitle "playchess.com"]
[Source "ChessBase"]
[SourceQuality "1"]
[TimeControl "40/5400+30:1800+30"]

1. e4 c6 2. d4 d5 3. exd5 cxd5 4. Bd3 Nc6 5. c3 Nf6 6. Bf4 Bg4 7. Ne2 e6 8. O-O Be7 9. f3 Bh5 10. Re1 Qb6 0-1

[Event "WCCC U10 2019"]
[Site "Weifang"]
[Date "2019.08.24"]
[Round "4.10"]
[White "Zhaslanuly, Alziyad"]
[Black "Lu, Miaoyi"]
[Result "1/2-1/2"]
[ECO "B13"]
[WhiteElo "1514"]
[BlackElo "1950"]
[Annotator "NA"]
[PlyCount "149"]
[EventDate "2019.08.21"]
[EventType "swiss"]
[EventCountry "CHN"]
[SourceTitle "playchess.com"]
[Source "ChessBase"]
[SourceQuality "1"]
[TimeControl "40/5400+30:1800+30"]

1. e4 c6 2. d4 d5 3. exd5 cxd5 4. Bd3 Nc6 5. c3 Nf6 6. Bf4 Bg4 7. Qb3 Qd7 8. Nd2 e6 9. Ngf3 Be7 10. O-O O-O 11. Rfe1 Bh5 12. h3 Bg6 13. Bxg6 hxg6 14. Ne5 Nxe5 15. Bxe5 Bd6 16. Nf1 $11 Bxe5 17. dxe5 Ne4 18. Rad1 Qc7 19. f3 Nc5 20. Qc2 Rac8 21. Rd4 b5 22. Qf2 Qb6 23. Re2 a5 24. Nd2 Rc6 25. b3 Rfc8 26. c4 dxc4 27. bxc4 b4 28. Nb3 a4 29. Nxc5 Rxc5 30. Kh2 Qc7 31. Rb2 Rxc4 32. Rxb4 Qxe5+ 33. f4 Qxd4 34. Qxd4 Rxd4 35. Rxd4 Ra8 36. a3 Kf8 37. Rd7 Ke8 38. Rc7 Ra5 39. Rb7 Rf5 40. Rb4 Ra5 41. Rb7 Kf8 42. g4 f6 43. Rb6 e5 44. fxe5 Rxe5 45. Rb4 Re2+ 46. Kg1 Re3 47. Rxa4 Rxh3 48. Kg2 Rc3 49. Ra5 Kf7 50. Ra7+ Kg8 51. Ra8+ Kh7 52. Ra5 Kh6 53. Kf2 f5 54. gxf5 gxf5 55. Rxf5 Rxa3 56. Rc5 g5 57. Rc6+ Kh5 58. Rc4 g4 59. Rc8 Kh4 60. Rh8+ Kg5 61. Rg8+ Kf4 62. Rf8+ Ke4 63. Re8+ Kf5 64. Rf8+ Ke5 65. Re8+ Kf6 66. Rf8+ Kg6 67. Rg8+ Kf5 68. Rf8+ Ke5 69. Re8+ Kf6 70. Rf8+ Kg7 71. Rf4 g3+ 72. Kg2 Kh6 73. Rg4 Kh5 74. Rxg3 Rxg3+ 75. Kxg3 1/2-1/2

[Event "WCCC U10 2019"]
[Site "Weifang"]
[Date "2019.08.25"]
[Round "5.1"]
[White "Materia, Marco"]
[Black "Kong, Xiangrui"]
[Result "1-0"]
[ECO "D35"]
[WhiteElo "2236"]
[BlackElo "1889"]
[Annotator "ChessBase"]
[PlyCount "103"]
[EventDate "2019.08.21"]
[EventType "swiss"]
[EventCountry "CHN"]
[SourceTitle "playchess.com"]
[Source "ChessBase"]
[SourceQuality "1"]
[TimeControl "40/5400+30:1800+30"]

1. d4 d5 2. c4 e6 3. Nc3 Nf6 4. cxd5 exd5 5. Bg5 c6 6. e3 Be7 7. Bd3 Nbd7 8. Nge2 h6 9. Bh4 Nh5 10. Bxe7 Qxe7 11. Qd2 Nb6 12. f3 Be6 13. b3 O-O 14. g4 Qh4+ 15. Kd1 Nf6 16. Qe1 Qxe1+ 17. Kxe1 a5 18. h4 Nbd7 19. Nf4 Nh7 20. Ke2 Rfe8 21. Rag1 Nhf8 22. g5 Kh8 23. Rh2 Rac8 24. Rhg2 h5 25. Nxh5 c5 26. Kd2 Nb8 27. dxc5 Rxc5 28. Nf4 Nfd7 29. Nfe2 Ne5 30. Nd4 Nxd3 31. Kxd3 Na6 32. Kd2 Bd7 33. Nce2 b5 34. Rc1 Rxc1 35. Nxc1 Nc5 36. Nce2 b4 37. Nf4 Be6 38. Rg1 a4 39. Rc1 Nd7 40. bxa4 Nb6 41. Rc7 Nxa4 42. g6 Kg8 43. Ndxe6 fxe6 44. Nxe6 Nb6 45. Nxg7 Ra8 46. Nh5 Nc4+ 47. Ke1 Rf8 48. Rg7+ Kh8 49. Rf7 Re8 50. Rh7+ Kg8 51. Nf6+ Kf8 52. Rf7# 1-0

[Event "WCCC U10 2019"]
[Site "Weifang"]
[Date "2019.08.25"]
[Round "5.2"]
[White "Mamedov, Edgar"]
[Black "Ilamparthi A R"]
[Result "1/2-1/2"]
[ECO "B50"]
[WhiteElo "1714"]
[BlackElo "1984"]
[Annotator "NA"]
[PlyCount "212"]
[EventDate "2019.08.21"]
[EventType "swiss"]
[EventCountry "CHN"]
[SourceTitle "playchess.com"]
[Source "ChessBase"]
[SourceQuality "1"]
[TimeControl "40/5400+30:1800+30"]

1. e4 c5 2. Nf3 d6 3. c3 Nf6 4. h3 g6 5. Bd3 Bg7 6. Bc2 O-O 7. O-O Nc6 8. d4 e5 9. Re1 (9. d5 $14 Ne7 10. c4) 9... Bd7 {[%emt 0:07:07] B50: Sicilian: 2...d6, Miscellaneous} (9... exd4 $15 10. cxd4 cxd4) 10. dxc5 dxc5 11. Qd6 $146 ({Predecessor:} 11. Na3 Qe7 12. Nc4 Rad8 {0-1 (43) Espinosa Flores,R (2414)-Guseinov,G (2513) Bled 2002}) 11... Qb6 12. Qd1 Rad8 13. Qe2 Nh5 14. Na3 Nf4 15. Qf1 Na5 16. Rb1 Be6 17. b4 cxb4 18. cxb4 Nc6 19. Be3 Qc7 20. Nb5 Qc8 21. Bc5 Nxh3+ 22. Kh2 $17 Nf4 23. Bb3 Rfe8 24. Nd6 Rxd6 25. Bxd6 Qd8 26. Rbd1 Qf6 27. Bxe6 Rxe6 28. b5 Rxd6 29. Rxd6 Qxd6 30. bxc6 Qxc6 31. g3 Ne6 32. Qd3 Bf6 33. Kg1 Kg7 34. Qd5 Qc7 35. Rd1 b6 36. a4 Qc2 37. Nxe5 Ng5 38. Ng4 Nxe4 39. Re1 Nc3 40. Qf3 Qf5 41. Qxf5 gxf5 42. Nxf6 Kxf6 43. a5 bxa5 44. Ra1 Nd5 45. Rxa5 Nc7 46. Rxa7 Ne6 47. Ra5 h5 48. Kg2 f4 49. Rxh5 fxg3 50. Kxg3 Kg6 51. Ra5 Nd4 52. Kg4 f5+ 53. Kf4 Kf6 54. Ra6+ Ne6+ 55. Kg3 Ke5 56. Ra5+ Kf6 57. Kh4 Kg6 58. Ra6 Kf6 59. Kh5 Kf7 60. Kh6 Kf6 61. Kh7 Kf7 62. Rb6 Nf8+ 63. Kh6 Ne6 64. Kh5 Kf6 65. Kh4 Kf7 66. Kg3 Kf6 67. Kf3 Kf7 68. Ke3 Ke7 69. Kd3 Kf6 70. Kd2 Kf7 71. Kc3 Kf6 72. Kd3 Ke5 73. Kc4 Ng5 74. Kd3 Ne6 75. Ke3 Kf6 76. Rb8 Kf7 77. Ra8 Kf6 78. Ra5 Kg6 79. Kd3 Kg5 80. Ke3 Kf6 81. Ra7 Kg6 82. Kd3 Kf6 83. Ra5 Kg6 84. Kc4 Kg5 85. Kd5 Nf4+ 86. Ke5 Ng6+ 87. Ke6 Nf4+ 88. Kf7 Nd3 89. Ke6 Nf4+ 90. Kd6 Nd3 91. Ra2 Kf4 92. Rd2 Ne1 93. Ke6 Nf3 94. Rd5 Ng5+ 95. Kf6 Ne4+ 96. Kg6 Nxf2 97. Rxf5+ Ke3 98. Kg5 Ne4+ 99. Kg4 Nf2+ 100. Kg3 Ne4+ 101. Kg2 Ke2 102. Re5 Ke3 103. Re8 Kf4 104. Rf8+ Ke3 105. Re8 Kf4 106. Rxe4+ Kxe4 1/2-1/2

[Event "WCCC U10 2019"]
[Site "Weifang"]
[Date "2019.08.25"]
[Round "5.3"]
[White "Wongso, Steve"]
[Black "Hvozdz, Aliaksandr"]
[Result "1-0"]
[ECO "B01"]
[WhiteElo "1765"]
[BlackElo "1699"]
[Annotator "NA"]
[PlyCount "79"]
[EventDate "2019.08.21"]
[EventType "swiss"]
[EventCountry "CHN"]
[SourceTitle "playchess.com"]
[Source "ChessBase"]
[SourceQuality "1"]
[TimeControl "40/5400+30:1800+30"]

1. e4 d5 2. exd5 Qxd5 3. Nf3 Bg4 4. Be2 Nc6 5. d4 O-O-O 6. Be3 e5 7. c4 Qa5+ 8. Bd2 Bb4 9. Nxe5 Bxe2 10. Nxc6 bxc6 11. Qxe2 Rxd4 12. Nc3 Nf6 13. O-O Re8 14. Be3 Rd7 15. Qf3 Bxc3 16. bxc3 Ne4 17. Rab1 f5 18. Rb2 g6 19. Rfb1 Rde7 20. Qd1 Nd6 21. Rb8+ Kd7 22. c5 Rxe3 23. fxe3 Qxc5 24. Rxe8 Kxe8 25. Rb8+ Ke7 26. Qd4 Qxd4 27. cxd4 Nb5 28. Ra8 Kd7 29. a4 Nc3 30. Rxa7 Nd5 31. Rb7 Kc8 32. Rb3 Nb6 33. a5 Nc4 34. a6 Nb6 35. Rc3 Kb8 36. Rxc6 Nd5 37. Kf2 Nb4 38. a7+ Kxa7 39. Rxc7+ Kb6 40. Rxh7 1-0

[Event "WCCC U10 2019"]
[Site "Weifang"]
[Date "2019.08.25"]
[Round "5.4"]
[White "Mayank Chakraborty"]
[Black "Wei, Jianzhou"]
[Result "1-0"]
[ECO "C10"]
[WhiteElo "1731"]
[BlackElo "1656"]
[Annotator "NA"]
[PlyCount "151"]
[EventDate "2019.08.21"]
[EventType "swiss"]
[EventCountry "CHN"]
[SourceTitle "playchess.com"]
[Source "ChessBase"]
[SourceQuality "1"]
[TimeControl "40/5400+30:1800+30"]

1. e4 e6 2. d4 d5 3. Nc3 Nf6 4. Bg5 dxe4 5. Nxe4 Nbd7 6. Nf3 h6 7. Nxf6+ Nxf6 8. Bxf6 Qxf6 9. Bd3 Bd6 10. Qe2 O-O 11. O-O-O c5 12. dxc5 Bxc5 13. Kb1 Qf4 14. g3 Qb4 15. c3 Qb6 16. Ne5 Qc7 17. f4 Rd8 18. Rhe1 Bd7 19. Qe4 f5 20. Qc4 Bb6 21. Qb3 Bf2 22. Rf1 Qb6 23. Bc4 Be8 24. Bxe6+ Kh8 25. Qxb6 Bxb6 26. Bxf5 Kg8 27. Kc2 a5 28. Be4 Rab8 29. Rxd8 Bxd8 30. Rd1 Bf6 31. Rd6 b6 32. Nf3 Kf8 33. Rd1 Rc8 34. Nd4 Ke7 35. Bf5 Rd8 36. Re1+ Kf7 37. Nf3 g6 38. Bd3 b5 39. Ne5+ Kg7 40. Ng4 h5 41. Nxf6 Kxf6 42. Re5 Rb8 43. a4 bxa4 44. Rxa5 Bf7 45. Ra6+ Kg7 46. Kc1 Be8 47. Bc2 Rd8 48. Bxa4 Bf7 49. Bc2 Re8 50. Ra7 Kf6 51. Ra6+ Kg7 52. Kd2 Rd8+ 53. Ke3 Rb8 54. b4 Re8+ 55. Kd2 Rd8+ 56. Kc1 Rc8 57. Kb2 Rb8 58. Ra7 Kf6 59. Ra6+ Kg7 60. Bb3 Be8 61. Ra5 Kf6 62. Re5 Bd7 63. Rd5 Be8 64. Rd6+ Kg7 65. Bc4 Rb7 66. Bd3 Bf7 67. b5 Kf8 68. c4 Ke7 69. Ra6 Rc7 70. Kc3 Kd7 71. b6 Rb7 72. Ra7 Kc8 73. Be4 Rxb6 74. Rxf7 Kd8 75. Rg7 Ke8 76. Rxg6 1-0

[Event "WCCC U10 2019"]
[Site "Weifang"]
[Date "2019.08.25"]
[Round "5.5"]
[White "Daakshin, Arun"]
[Black "Bharadia Yash"]
[Result "1/2-1/2"]
[ECO "E48"]
[WhiteElo "1628"]
[BlackElo "1963"]
[Annotator "NA"]
[PlyCount "99"]
[EventDate "2019.08.21"]
[EventType "swiss"]
[EventCountry "CHN"]
[SourceTitle "playchess.com"]
[Source "ChessBase"]
[SourceQuality "1"]
[TimeControl "40/5400+30:1800+30"]

1. d4 Nf6 2. c4 e6 3. Nc3 Bb4 4. e3 O-O 5. Bd3 d5 6. cxd5 exd5 7. Nge2 c5 8. dxc5 Bxc5 9. O-O Nc6 10. a3 {[%emt 0:01:55] E48: Nimzo-Indian: Rubinstein: 5 Bd3 d5 including 6 Ne2, but excluding 6 a3} (10. Nf4 Bg4 11. Qb3 d4 12. Ne4 Bb6 13. h3 Bd7 14. Nxf6+ Qxf6 15. Nd5 Qh4 16. Nxb6 axb6 17. Qxb6 Ne5 {0-1 (52) Ivanov,J (2381)-Petkov,V (2522) Sunny Beach 2012}) 10... Be6 11. b4 Bd6 12. f4 Re8 $146 ({Predecessor:} 12... Rc8 13. Bb1 Ne7 14. h3 Bb8 15. b5 Qd7 16. Ra2 a6 17. Qe1 Bf5 {0-1 (55) Kuszelansky,M-Salm,M Australia 1955}) 13. h3 h6 14. Nb5 Bb8 15. Nbd4 Bd7 16. Rf3 a6 17. Bb2 Ba7 18. Kh1 Qe7 19. Qb3 Rad8 20. Rd1 Rc8 21. Qa2 Be6 22. Qa1 Nxd4 23. Nxd4 Bd7 24. Nf5 Bxf5 25. Bxf5 Rc6 26. Be5 g6 27. Bb1 Bb8 28. Bxf6 Qxf6 29. Qxf6 Rxf6 30. Rxd5 Bxf4 31. Rxf4 Rxf4 32. exf4 Re1+ 33. Kh2 Rxb1 34. Rd7 Ra1 35. Rxb7 Rxa3 36. Ra7 Rb3 $11 37. Rxa6 Rxb4 38. Kg3 Kg7 39. Rc6 Rb3+ 40. Kf2 Rb2+ 41. Kf3 Rb3+ 42. Kf2 g5 43. fxg5 hxg5 44. Rc4 Kg6 45. h4 gxh4 46. Rxh4 f5 47. Rh3 Rb2+ 48. Kf3 Rb3+ 49. Kf2 Rb2+ 50. Kf3 1/2-1/2

[Event "WCCC U10 2019"]
[Site "Weifang"]
[Date "2019.08.25"]
[Round "5.6"]
[White "Woodward, Andy"]
[Black "Efimov, Leonid"]
[Result "0-1"]
[ECO "D31"]
[WhiteElo "1522"]
[BlackElo "1773"]
[Annotator "NA"]
[PlyCount "122"]
[EventDate "2019.08.21"]
[EventType "swiss"]
[EventCountry "CHN"]
[SourceTitle "playchess.com"]
[Source "ChessBase"]
[SourceQuality "1"]
[TimeControl "40/5400+30:1800+30"]

1. d4 d5 2. c4 e6 3. Nc3 c6 4. e4 dxe4 5. Nxe4 Bb4+ 6. Bd2 Qxd4 7. Bxb4 Qxe4+ 8. Ne2 Nd7 9. Qd6 a5 10. Bc3 Ngf6 11. b3 Qf5 12. f3 Qc5 13. Qxc5 Nxc5 14. Bxf6 gxf6 15. Nc3 e5 16. O-O-O f5 17. Bd3 Be6 18. Bc2 f6 19. Rhe1 h5 20. Ne2 h4 21. Kb2 Ke7 22. a3 Rhg8 23. g3 Rh8 24. f4 hxg3 25. hxg3 Rh2 26. Kb1 Rg8 27. Nc1 e4 28. Rg1 Bf7 29. Rde1 Ne6 30. g4 Rxc2 31. Kxc2 Nd4+ 32. Kc3 Nf3 33. Ref1 Nxg1 34. Rxg1 fxg4 35. f5 c5 36. Ne2 Be8 37. Ng3 Bc6 38. Rd1 Rh8 39. Rh1 Rxh1 40. Nxh1 e3 41. Ng3 Bf3 42. Kd3 e2 43. Nxe2 Bxe2+ 44. Kxe2 Kd6 45. Kf2 Ke5 46. Kg3 Kxf5 47. a4 b6 48. Kg2 Kf4 49. Kf2 g3+ 50. Kg2 Kg4 51. Kf1 f5 52. Kg1 f4 53. Kf1 f3 54. Kg1 f2+ 55. Kg2 Kf4 56. b4 axb4 57. a5 bxa5 58. Kf1 b3 59. Kg2 b2 60. Kh3 b1=Q 61. Kh4 Qh7# 0-1

[Event "WCCC U10 2019"]
[Site "Weifang"]
[Date "2019.08.25"]
[Round "5.7"]
[White "Feng, Andrew"]
[Black "Zhang, Xican"]
[Result "0-1"]
[ECO "E54"]
[WhiteElo "1484"]
[BlackElo "1708"]
[Annotator "NA"]
[PlyCount "119"]
[EventDate "2019.08.21"]
[EventType "swiss"]
[EventCountry "CHN"]
[SourceTitle "playchess.com"]
[Source "ChessBase"]
[SourceQuality "1"]
[TimeControl "40/5400+30:1800+30"]

1. e4 c6 2. d4 d5 3. exd5 cxd5 4. c4 Nf6 5. Nc3 e6 6. Nf3 Bb4 7. Bd3 O-O 8. O-O dxc4 9. Bxc4 b6 10. a3 Bxc3 11. bxc3 h6 12. Qd3 Bb7 13. Re1 Nbd7 14. Bf4 Rc8 15. Ba2 Nc5 16. Qe3 Nce4 17. c4 Nd6 18. Bxd6 Qxd6 19. Ne5 Be4 20. f3 Bh7 21. Rac1 Rfd8 22. Red1 h5 23. a4 Qb4 24. Bb3 Rd6 25. c5 bxc5 26. dxc5 Rxd1+ 27. Rxd1 Bf5 28. c6 Nd5 29. Bxd5 exd5 30. Qxa7 Be6 31. Nd7 Qd6 32. Rc1 Kh7 33. Qb7 Rc7 34. Qb1+ Kh6 35. a5 Rxc6 36. Rxc6 Qxc6 37. Ne5 Qc3 38. f4 Qxa5 39. f5 Qc5+ 40. Kf1 Qc3 41. fxe6 Qxe5 42. Qc1+ Kh7 43. Qc2+ g6 44. exf7 Qf6+ 45. Ke2 Qxf7 46. Ke3 Qa7+ 47. Kd3 Qg7 48. Qc3 Qe7 49. Qd4 Qa3+ 50. Qc3 Qa6+ 51. Ke3 Qe6+ 52. Kd2 Qe4 53. Qe3 Qxg2+ 54. Kc3 Qf1 55. Qe7+ Kh6 56. Qe3+ Kg7 57. Qe5+ Qf6 58. Kd4 Qxe5+ 59. Kxe5 Kh6 60. Kd4 0-1

[Event "WCCC U10 2019"]
[Site "Weifang"]
[Date "2019.08.25"]
[Round "5.9"]
[White "Yu, Tianxi"]
[Black "Sodbilegt, Naranbold"]
[Result "0-1"]
[ECO "A13"]
[WhiteElo "1694"]
[BlackElo "1458"]
[Annotator "NA"]
[PlyCount "130"]
[EventDate "2019.08.21"]
[EventType "swiss"]
[EventCountry "CHN"]
[SourceTitle "playchess.com"]
[Source "ChessBase"]
[SourceQuality "1"]
[TimeControl "40/5400+30:1800+30"]

1. d4 Nf6 2. c4 e6 3. g3 d5 4. Bg2 Be7 5. Nf3 O-O 6. O-O c6 7. b3 Nbd7 8. Bb2 Bd6 9. Ba3 Bxa3 10. Nxa3 Qe7 11. Nc2 e5 12. dxe5 Nxe5 13. Nxe5 Qxe5 14. cxd5 Nxd5 15. Bxd5 cxd5 16. Re1 Bh3 17. Qd4 Qe6 18. Ne3 Rfd8 19. Rac1 Qe4 20. Red1 h6 21. Rc7 b6 22. a4 a6 23. b4 b5 24. a5 h5 25. Rc5 Rac8 26. Rxc8 Rxc8 27. f3 Qxd4 28. Rxd4 Rc1+ 29. Kf2 Rh1 30. Nxd5 Rxh2+ 31. Ke3 Be6 32. Nc7 Bc4 33. Rd2 g5 34. Nxa6 Rh1 35. Nc5 Ra1 36. Kf2 Kg7 37. a6 Ra3 38. Rc2 Ra1 39. e4 Kg6 40. Rd2 Kg7 41. Kg2 Bf1+ 42. Kf2 Bc4 43. Rd7 Ra2+ 44. Ke3 Re2+ 45. Kd4 h4 46. Kc3 hxg3 47. Rd1 g2 48. Rg1 Ra2 49. Kd4 Kg6 50. Nd3 Rd2 51. Kc5 Bxd3 52. a7 Ra2 53. Rxg2 Rxa7 54. f4 f6 55. e5 Kf5 56. Rg3 Bc4 57. exf6 gxf4 58. Rg7 Rxg7 59. fxg7 f3 60. g8=Q Bxg8 61. Kxb5 f2 62. Ka6 f1=Q+ 63. Ka7 Qb5 64. Ka8 Bd5+ 65. Ka7 Qb7# 0-1

[Event "WCCC U10 2019"]
[Site "Weifang"]
[Date "2019.08.25"]
[Round "5.10"]
[White "Pham, Tran Gia Phuc"]
[Black "Xiong, Junyi"]
[Result "0-1"]
[ECO "E11"]
[WhiteElo "1645"]
[BlackElo "1440"]
[Annotator "NA"]
[PlyCount "84"]
[EventDate "2019.08.21"]
[EventType "swiss"]
[EventCountry "CHN"]
[SourceTitle "playchess.com"]
[Source "ChessBase"]
[SourceQuality "1"]
[TimeControl "40/5400+30:1800+30"]

1. d4 Nf6 2. c4 e6 3. g3 Bb4+ 4. Bd2 c5 5. Bxb4 cxb4 6. Bg2 d5 7. Nd2 O-O 8. Ngf3 Nc6 9. O-O Ne4 10. e3 f5 11. cxd5 exd5 12. Ne5 Be6 13. Nb3 Qd6 14. Nd3 b6 15. Rc1 Rac8 16. Qe2 Bf7 17. Rc2 Rc7 18. Rfc1 Rfc8 19. Qf3 g6 20. Qf4 Qe7 21. h4 a5 22. Bf1 Nd6 23. Qg5 Qxg5 24. hxg5 Nc4 25. Nf4 a4 26. Nxd5 axb3 27. axb3 Bxd5 28. Bxc4 Ne7 29. f3 b5 30. e4 Bxc4 31. d5 Rc5 32. d6 Nc6 33. bxc4 Nd4 34. Rf2 Rd8 35. Rd1 Rxd6 36. Kg2 bxc4 37. Rfd2 c3 38. bxc3 bxc3 39. Ra2 c2 40. Rc1 Rdc6 41. exf5 gxf5 42. g6 hxg6 0-1

[Event "WCCC U10 2019"]
[Site "Weifang"]
[Date "2019.08.27"]
[Round "6.2"]
[White "Mamedov, Edgar"]
[Black "Mayank Chakraborty"]
[Result "1/2-1/2"]
[ECO "D05"]
[WhiteElo "1714"]
[BlackElo "1731"]
[Annotator "NA"]
[PlyCount "129"]
[EventDate "2019.08.21"]
[EventType "swiss"]
[EventCountry "CHN"]
[SourceTitle "playchess.com"]
[Source "ChessBase"]
[SourceQuality "1"]
[TimeControl "40/5400+30:1800+30"]

1. d4 Nf6 2. Nf3 e6 3. e3 d5 4. Bd3 c5 5. b3 Nc6 6. O-O Bd6 7. Bb2 O-O 8. dxc5 Bxc5 9. a3 Bd6 10. b4 a6 11. Nbd2 e5 12. Be2 Qe7 13. c4 dxc4 14. Nxc4 Bc7 15. Qc2 Bg4 16. Rac1 Rac8 17. Qb1 Rfe8 18. Rfe1 e4 19. Nd4 Nxd4 20. Bxd4 Bxe2 21. Rxe2 Bxh2+ 22. Kxh2 Ng4+ 23. Kh3 Qe6 24. Nd2 Nxe3+ 25. Kh2 Qh6+ 26. Kg1 Ng4 27. Be5 Nxe5 28. Rd1 Ng4 29. Nf1 Qf4 30. Qb3 Nf6 31. Rde1 Rc1 32. Rxc1 Qxc1 33. Rc2 Qf4 34. Qe3 Qb8 35. Qg5 Rc8 36. Rd2 Qc7 37. g3 Rd8 38. Re2 h6 39. Qf5 Rd5 40. Qh3 Rh5 41. Qg2 Qc1 42. f3 Qxa3 43. fxe4 Qxb4 44. Qf3 Re5 45. Nd2 Qd4+ 46. Kg2 Qd7 47. Nc4 Rh5 48. e5 Qh3+ 49. Kg1 Rf5 50. Qg2 Qxg2+ 51. Kxg2 Ng4 52. e6 fxe6 53. Rxe6 Rf2+ 54. Kh3 h5 55. Kh4 Rf6 56. Re8+ Kf7 57. Rb8 b5 58. Nb6 Ne3 59. Nd7 Nf5+ 60. Kg5 Nxg3 61. Nxf6 gxf6+ 62. Kh4 Nf5+ 63. Kxh5 Nd4 64. Ra8 b4 65. Rxa6 1/2-1/2

[Event "WCCC U10 2019"]
[Site "Weifang"]
[Date "2019.08.27"]
[Round "6.3"]
[White "Ilamparthi A R"]
[Black "Zhang, Xican"]
[Result "1-0"]
[ECO "C00"]
[WhiteElo "1984"]
[BlackElo "1708"]
[Annotator "NA RC"]
[PlyCount "51"]
[EventDate "2019.08.21"]
[EventType "swiss"]
[EventCountry "CHN"]
[SourceTitle "playchess.com"]
[Source "ChessBase"]
[SourceQuality "1"]
[TimeControl "40/5400+30:1800+30"]

1. Nf3 d5 2. g3 Nf6 3. Bg2 c5 4. O-O Nc6 5. d3 e6 6. Nbd2 Be7 7. e4 O-O 8. Re1 b6 9. e5 Nd7 10. Nf1 Bb7 11. h4 Rc8 12. N1h2 b5 13. Bf4 c4 14. d4 a5 15. Bh3 Na7 16. Kg2 b4 17. Ng5 h6 $16 (17... Nb5 $11 {remains equal.}) 18. Qh5 hxg5 19. hxg5 Re8 20. g6 Bh4 21. Qh7+ Kf8 22. Qh8+ Ke7 23. Qxh4+ f6 24. exf6+ Nxf6 25. Rxe6+ Kd7 26. Rxf6+ 1-0

[Event "WCCC U10 2019"]
[Site "Weifang"]
[Date "2019.08.27"]
[Round "6.4"]
[White "Kong, Xiangrui"]
[Black "Xiong, Junyi"]
[Result "1/2-1/2"]
[ECO "C02"]
[WhiteElo "1889"]
[BlackElo "1440"]
[Annotator "NA"]
[PlyCount "126"]
[EventDate "2019.08.21"]
[EventType "swiss"]
[EventCountry "CHN"]
[SourceTitle "playchess.com"]
[Source "ChessBase"]
[SourceQuality "1"]
[TimeControl "40/5400+30:1800+30"]

1. e4 e6 2. d4 d5 3. e5 c5 4. c3 Nc6 5. Nf3 Qb6 6. Be2 Nge7 7. dxc5 Qxc5 8. Be3 Qa5 {[%emt 0:00:19] C02: French: Advance Variation} 9. O-O Ng6 10. Bd4 Be7 11. Re1 O-O 12. Bd3 $146 ({Predecessor:} 12. g3 a6 13. Nbd2 b5 14. Bf1 Bb7 15. Nb3 Qc7 16. h4 Rfc8 17. Rc1 Bf8 18. Qd3 a5 19. h5 Nge7 20. Ng5 g6 21. hxg6 hxg6 22. g4 {1-0 (22) Abdul,M (2007)-Rana Pratap,S (1843) Dhaka 2018}) 12... Nxd4 13. cxd4 Bd7 14. Nbd2 Bb5 15. Bc2 Rac8 16. a3 Qa6 17. Nb1 Nf4 18. Nc3 Bd3 19. g3 {[%emt 0:05:09] [#]} Ne2+ $1 20. Rxe2 $1 Rxc3 $1 21. Rd2 Bxc2 22. Rxc2 Rc6 23. Rxc6 bxc6 $11 24. b4 Rc8 25. Nd2 f6 26. exf6 Bxf6 27. Nb3 Re8 28. f4 Qb6 29. Kg2 Qa6 30. Qf1 (30. Qf3 $16) 30... Qa4 31. Qd3 a6 32. Qc3 Qb5 33. Re1 Qc4 34. Qxc4 dxc4 35. Na5 Bxd4 36. Nxc4 c5 37. Re4 Kf8 38. a4 Ke7 39. b5 axb5 40. axb5 Rb8 41. b6 g6 42. Kf3 Kf6 43. Re2 Ra8 44. Re1 Ke7 45. Rb1 Kd7 46. Rb3 Kc6 47. b7 Rb8 48. Ke4 Kc7 49. Na5 Ba1 50. Rb5 Bd4 51. g4 h5 52. gxh5 gxh5 53. Kd3 h4 54. h3 Bf2 55. Ke4 Bd4 56. Kf3 Bg1 57. Kg4 Be3 58. Kf3 Bd4 59. Ke4 Bf2 60. Ke5 Bg3 61. Rxc5+ Kd7 62. Rb5 Rf8 63. b8=N+ Ke8 1/2-1/2